 Dungeon Crawl Stone Soup version 0.23-a0-41-g8b50da7 (webtiles) character file.

80 riellis the Slasher (level 3, -6/30 HPs)
             Began as a Demigod Skald on Aug 6, 2018.
             Killed from afar by Natasha (9 damage)
             ... with a magic dart
             ... on level 2 of the Dungeon.
             The game lasted 00:04:09 (1609 turns).

riellis the Slasher (Demigod Skald)                 Turns: 1609, Time: 00:04:10

Health: -6/30      AC:  4    Str: 14    XL:     3   Next: 98%
Magic:  4/8        EV: 13    Int: 17    God:
Gold:   46         SH:  0    Dex: 17    Spells: 2/5 levels left

rFire    . . .     SeeInvis .   a - +0 falchion
rCold    . . .     Gourm    .   (no shield)
rNeg     . . .     Faith    .   b - +0 leather armour
rPois    .         Spirit   .   (no helmet)
rElec    .         Reflect  .   j - +0 cloak
rCorr    .         Harm     .   (no gloves)
MR       .....                  (no boots)
Stlth    +.........             (no amulet)
HPRegen  0.10/turn              (no ring)
MPRegen  0.11/turn              (no ring)

@: no status effects
A: high mp 1
a: no special abilities


You were on level 2 of the Dungeon.
You were hungry.

You visited 1 branch of the dungeon, and saw 2 of its levels.

You collected 46 gold pieces.

Inventory:

Hand Weapons
 a - a +0 falchion (weapon)
Missiles
 g - 19 sling bullets
Armour
 b - a +0 leather armour (worn)
 j - a +0 cloak (worn)
Scrolls
 h - 2 scrolls of identify {unknown}
Potions
 c - a potion of cancellation {unknown}
 e - a potion of lignification {unknown}
 f - a potion of invisibility {unknown}
 i - a potion of curing {unknown}
Comestibles
 d - 2 rations
 k - a chunk of flesh


   Skills:
 + Level 2.4 Fighting
 * Level 3.1 Long Blades
 - Level 0.8 Armour
 + Level 2.5 Dodging
 - Level 1.7 Spellcasting
 - Level 2.6 Charms


You had 2 spell levels left.
You knew the following spells:

 Your Spells              Type           Power        Failure   Level  Hunger
a - Infusion              Chrm           ##..         9%          1    #......
b - Song of Slaying       Chrm           ##......     12%         2    ###....

Your spell library contained the following spells:

 Spells                   Type           Power        Failure   Level  Hunger
 Regeneration             Chrm/Necr      #.........   38%         3    ###....
 Shroud of Golubria       Chrm/Tloc      #.........   22%         2    ###....
 Spectral Weapon          Hex/Chrm       #.......     38%         3    ###....


Dungeon Overview and Level Annotations

Branches:
Dungeon (2/15)

Annotations:
D:2 Natasha


Innate Abilities, Weirdness & Mutations

You have an increased reservoir of magic. (+10% MP)


Message History

Natasha is severely wounded.
Your magical infusion is running out.
Natasha claws you.
* * * LOW HITPOINT WARNING * * *
Natasha casts a spell.
Natasha mumbles some strange words.
You are no longer magically infusing your attacks.
Natasha mumbles some strange words.
You feel troubled.
The crimson imp blinks!
Natasha wildly gestures.
You feel troubled.
Natasha mumbles some strange words.
The crimson imp blinks! x2
The crimson imp blinks!
The crimson imp blinks!
The crimson imp blinks!
Natasha stares at you and mumbles some strange words.
The magic dart hits you!
You die...

#....# #.# ##...#
#.# #....# #.#
#...#.# #.#
#.####.# #.# ##
###.######.#
#.......5..#
#.#....h.5.#
#.#@######.# #.#.#
#.# #.#.# #.#
#.#.#### #h#
#.#....# #5#
#.####5# #.# #.#
#5# #.# ##.## #.#
#.#
#######...###.###.#


You could see Natasha, a crimson imp and a shadow imp.

Vanquished Creatures
  Natasha (twice) (D:2)
  A dart slug (D:1)
  A leopard gecko (D:1)
  8 bats
  A giant cockroach (D:1)
  2 goblins (D:1)
  4 hobgoblins (D:1)
  A kobold (D:1)
  2 frilled lizards (D:1)
  6 rats
28 creatures vanquished.

Notes
Turn   | Place    | Note
-------+----------+-------------------------------------------
     0 | D:1      | riellis the Demigod Skald began the quest for the Orb.
     0 | D:1      | Reached XP level 1. HP: 17/17 MP: 5/5
   135 | D:1      | Reached skill level 2 in Long Blades
   279 | D:1      | Reached XP level 2. HP: 24/24 MP: 4/7
   283 | D:1      | Learned a level 2 spell: Song of Slaying
  1249 | D:2      | Noticed Natasha
  1260 | D:2      | Killed Natasha
  1260 | D:2      | Reached XP level 3. HP: 6/30 MP: 3/8
  1536 | D:2      | Noticed Natasha
  1549 | D:2      | Killed Natasha
  1549 | D:2      | Reached skill level 3 in Long Blades
  1555 | D:2      | Noticed Natasha
  1586 | D:2      | HP: 1/30 [Natasha (6)]
  1609 | D:2      | Killed from afar by Natasha

Vault maps used:
D:1:      shiori_arrival_elements
D:2:      eino_tiny_chamber, uniq_natasha, uniq_terence, uniq_sigmund

Skill      XL: |  1  2  3 |
---------------+----------+-----
Long Blades    | 2 3 |  3.1
Fighting       | 2 |  2.4
Dodging        | 2 |  2.5
Armour         | |  0.8
Spellcasting   | |  1.7
Charms         | |  2.6

Action                   || total
-------------------------++-------
Melee: Falchion          ||    63
 Cast: Infusion          ||    17
       Song of Slaying   ||     1
  Use: Scroll            ||     1
 Stab: Sleeping          ||     1
  Eat: Chunk             ||     2
Armor: Leather armour    ||    27
Dodge: Dodged            ||    54
       Rpst.: Falchion   ||    22

Table legend:
 A = Spawn XP
 B = Non-spawn XP
 C = Spawn XP percentage of total XP
 D = Spawn monster count
 E = Non-spawn monster count
 F = Spawn count percentage of total count
 G = Total turns spent on level
                    A         B        C        D         E        F      G
               +---------+---------+-------+---------+---------+-------+---------
         Total |       0 |     115 |   0.0 |       0 |      28 |   0.0 |  1609
               +---------+---------+-------+---------+---------+-------+---------
           D:1 |       0 |      38 |   0.0 |       0 |      22 |   0.0 |  1158
           D:2 |       0 |      77 |   0.0 |       0 |       6 |   0.0 |   451
               +---------+---------+-------+---------+---------+-------+---------
